 Dungeon Crawl Stone Soup version 0.28.0 (webtiles) character file.

Game seed: 17673106339893265449

496 jlumianski the Firebug (level 7, -2/52 HPs)
             Began as a Hill Orc Fire Elementalist on Feb 17, 2022.
             Succumbed to a water moccasin's poison
             ... on level 5 of the Dungeon.
             The game lasted 00:22:59 (5876 turns).

jlumianski the Firebug (Hill Orc Fire Elementalist) Turns: 5876, Time: 00:22:59

Health: -2/52      AC:  3    Str: 13    XL:     7   Next: 15%
Magic:  6/11       EV: 12    Int: 15    God:
Gold:   218        SH:  0    Dex: 11    Spells: 7/12 levels left

rFire   . . .      SeeInvis .   n - +0 war axe
rCold   . . .      Faith    .   (no shield)
rNeg    . . .      Spirit   .   a - +0 robe
rPois   .          Reflect  .   e - +0 helmet
rElec   .          Harm     .   y - scarf {+Inv}
rCorr   .          Rampage  .   (no gloves)
Will    .....                   (no boots)
Stlth   ++........              (no amulet)
HPRegen 0.17/turn               (no ring)
MPRegen 0.12/turn               (no ring)

@: lethally poisoned (-2 -> -23)
A: no striking features
a: Evoke Invisibility


You were on level 5 of the Dungeon.
You visited 1 branch of the dungeon, and saw 6 of its levels.

You collected 218 gold pieces.

Inventory:

Hand Weapons
 b - a +0 hunting sling
 f - a +0 dagger
 g - a +0 short sword
 n - a +0 war axe (weapon)
 p - a +1 whip of pain
 x - a +3 dagger
 z - a +2 rapier of protection
Missiles
 c - 118 stones
 w - 8 poisoned darts
Armour
 a - a +0 robe (worn)
 e - a +0 helmet (worn)
 i - a +0 cloak
 j - a scarf of shadows
 y - a scarf of invisibility (worn)
Magical Staves
 s - a staff of air
Jewellery
 d - a ring of ice
 v - an amulet of faith
Scrolls
 h - 2 scrolls of teleportation
 q - 3 scrolls of immolation
 r - a scroll of noise
 u - a scroll of identify
Potions
 k - a potion of degeneration
 l - a potion of flight
 m - 2 potions of mutation
 t - a potion of brilliance


   Skills:
 + Level 1.1 Fighting
 - Level 0.4 Short Blades
 * Level 3.5 Axes
 + Level 2.3 Dodging
 + Level 2.2 Stealth
 + Level 3.1 Spellcasting
 + Level 1.8 Conjurations
 + Level 5.3 Fire Magic
 + Level 0.1 Air Magic
 * Level 0.4 Evocations


You had 7 spell levels left.
You knew the following spells:

 Your Spells              Type           Power      Damage    Failure   Level
a - Foxfire               Conj/Fire      52%        2x1d6     4%          1
b - Scorch                Fire           36%        2d7       3%          2
c - Poisonous Vapours     Pois/Air       4%         N/A       28%         2

Your spell library contained the following spells:

 Spells                   Type           Power      Damage    Failure   Level
 Conjure Flame            Conj/Fire      13%        6-21      13%         3
 Inner Flame              Hex/Fire       10%        N/A       21%         3
 Corpse Rot               Necr/Air       4%         N/A       28%         2
 Flame Wave               Conj/Fire      13%        2d6       41%         4
 Gell's Gravitas          Tloc           2%         N/A       52%         3
 Teleport Other           Tloc           2%         N/A       52%         3
 Dispersal                Tloc           1%         N/A       100%        6


Dungeon Overview and Level Annotations

Branches:
Dungeon (6/15)
 Temple: D:4-7

Altars:
Ashenzari
Elyvilon
Yredelemnul


Message History

You are more poisoned.
The water moccasin poisons you!
Casting: Scorch (safe; 3% risk of failure)
Confirm with . or Enter, or press ? or * to list all spells.
Flames lash the white imp.
The white imp is lightly wounded.
The white imp's fire resistance burns away.
You feel very sick. The water moccasin misses you.
The water moccasin barely misses you.
Casting: Scorch (safe; 3% risk of failure)
Confirm with . or Enter, or press ? or * to list all spells.
You conjure some foxfire!
You feel very sick.
The water moccasin bites you but does no damage.
The white imp gestures at you. The puff of frost hits you!
You closely miss the water moccasin.
The water moccasin is severely wounded.
You hit the white imp.
You feel very sick.
The water moccasin is no longer more vulnerable to fire.
The white imp is no longer more vulnerable to fire.
The foxfire hits the water moccasin.
The water moccasin is severely wounded.
The foxfire hits the water moccasin.
The water moccasin is severely wounded.
The water moccasin bites you.
* * * LOW HITPOINT WARNING * * *
You are lethally poisoned!
The water moccasin poisons you! The water moccasin closely misses you.
The white imp gestures at you. The puff of frost hits you.
* * * LOW HITPOINT WARNING * * *
Okay, then.
As you read the scroll of fear, it crumbles to dust.
You assume a fearsome visage.
The water moccasin looks frightened!
The white imp looks frightened!
* * * LOW HITPOINT WARNING * * *
You feel very sick.
You die...

........#
#......... #..
...
#####........
#............
#........#.#.
..#............
...........#...
#######.####..#
..########.# ##
........@..#
....S....###
._.......#
.....5...#
.....?...#
.........#
.........#
....###### ....


You could see a water moccasin (fleeing) and a white imp (fleeing).

Vanquished Creatures
  A sky beast (D:5)
  A necrophage (D:3)
  A kobold brigand (D:4)
  A hound (D:3)
  A centaur skeleton (D:4)
  A howler monkey skeleton (D:3)
  3 gnolls (D:4)
  4 adders
  A shadow imp (D:4)
  An ufetubus (D:5)
  An adder skeleton (D:4)
  3 worms
  5 dart slugs
  4 endoplasms
  4 giant cockroaches
  5 goblins
  6 hobgoblins
  2 jackals (D:2)
  14 kobolds
  3 quokkas
  6 ball pythons
  3 bats
  2 frilled lizards
  6 rats
79 creatures vanquished.

Vanquished Creatures (others)
  98 foxfires
98 creatures vanquished.

Grand Total: 177 creatures vanquished

Notes
Turn   | Place    | Note
-------+----------+-------------------------------------------
     0 | D:1      | jlumianski the Hill Orc Fire Elementalist began the quest
                  | for the Orb.
     0 | D:1      | Reached XP level 1. HP: 14/14 MP: 3/3
   135 | D:1      | Found a faded altar of an unknown god.
   217 | D:1      | Reached XP level 2. HP: 20/20 MP: 1/4
   254 | D:1      | Learned a level 2 spell: Scorch
   406 | D:1      | Reached skill level 4 in Fire Magic
   608 | D:2      | Found a white marble altar of Elyvilon.
   898 | D:1      | Reached XP level 3. HP: 24/26 MP: 3/5
  1372 | D:2      | Learned a level 2 spell: Poisonous Vapours
  2084 | D:3      | Reached XP level 4. HP: 30/33 MP: 2/7
  2237 | D:3      | Found a glowing drain.
  3499 | D:4      | Noticed a necrophage
  3522 | D:3      | Killed a necrophage
  3523 | D:3      | Reached skill level 1 in Axes
  3523 | D:3      | Reached XP level 5. HP: 32/39 MP: 0/8
  3595 | D:3      | Reached skill level 5 in Fire Magic
  3700 | D:3      | Reached XP level 6. HP: 13/46 MP: 2/9
  4044 | D:5      | Entered Level 5 of the Dungeon
  5537 | D:4      | Reached skill level 1 in Fighting
  5719 | D:5      | Found a basalt altar of Yredelemnul.
  5724 | D:5      | Noticed a sky beast
  5731 | D:5      | Killed a sky beast
  5732 | D:5      | Reached XP level 7. HP: 32/52 MP: 2/11
  5864 | D:5      | Found a broken altar of Ashenzari.
  5876 | D:5      | Succumbed to a water moccasin's poison

Illustrated notes

Levels and vault maps discovered:
D:1:      evilmike_arrival_rings, layout_basic, basic_ecumenical_altar
D:2:      layout_basic, basic_altar
D:3:      layout_rooms, cheibrodos_sewer_entry_bend, dk_vineyard_2
D:4:      layout_loops_cross
D:5:      layout_rooms, lemuel_round_altar, grunt_temple_overflow_open,
          yredelemnul_altar_generic, minivault_26
D:6:      layout_gridville, grunt_qazlal_clouds, minmay_temple_entry_oklob,
          uniq_prince_ribbit1

Skill      XL: |  1  2  3  4  5  6 |
---------------+-------------------+-----
Fire Magic     | 4 5 |  5.3
Spellcasting   | 2 3 |  3.1
Axes           | 1 2 3 |  3.5
Dodging        | 2 |  2.3
Stealth        | 2 |  2.2
Fighting       | 1 |  1.1
Short Blades   | |  0.4
Conjurations   | |  1.8
Air Magic      | |  0.1
Evocations     | |  0.4

Action                   |  1- 3 |  4- 6 |  7- 9 || total
-------------------------+-------+-------+-------++-------
Melee: Unarmed           |    13 |       |       ||    13
       Short sword       |    28 |    39 |       ||    67
       Dagger            |     1 |       |       ||     1
       War axe           |       |    63 |     3 ||    66
       Punch             |       |     1 |       ||     1
 Cast: Foxfire           |    34 |    20 |     2 ||    56
       Scorch            |     7 |    22 |     2 ||    31
       Poisonous Vapours |     1 |     4 |       ||     5
  Use: Potion            |     1 |     3 |       ||     4
       Scroll            |       |     6 |     1 ||     7
Armor: Robe              |    18 |    42 |     1 ||    61
Dodge: Dodged            |    66 |    91 |     4 ||   161
